 Dungeon Crawl Stone Soup version 0.29-a0-802-g34511f41fd (webtiles) character file.

Game seed: 11529647983509819702

344 buhh the Trooper (level 6, -8/45 HPs)
             Began as an Octopode Transmuter on July 3, 2022.
             Killed from afar by Robin (18 damage)
             ... with a bolt of light
             ... on level 4 of the Dungeon.
             The game lasted 00:06:09 (4682 turns).

buhh the Trooper (Octopode Transmuter)              Turns: 4682, Time: 00:06:09

Health: -8/45      AC:  1    Str:  9    XL:     6   Next: 58%
Magic:  9/9        EV: 13    Int: 21    God:
Gold:   167        SH:  0    Dex: 15    Spells: 3/9 levels left

rFire   . . .      SeeInvis +     - Unarmed
rCold   . . .      Faith    .   (no shield)
rNeg    + . .      Spirit   .   (helmet restricted)
rPois   +          Reflect  .   l - amulet of magic regeneration
rElec   +          Harm     .   h - ring of see invisible
rCorr   .          Rampage  .   a - ring of Beg Borph {rElec rN+ Dex+3}
Will    .....                   j - ring "Veetsaa" {rPois Int+3 Stlth+}
Stlth   +++.......              (no ring)
HPRegen 0.15/turn               (no ring)
MPRegen 0.51/turn               (no ring)
                                (no ring)
                                (no ring)

@: confused, wereblooded
A: almost no armour, amphibious, 8 rings, camouflage 1, gelatinous body 1,
(nimble swimmer 1), tentacles
a: no special abilities


You were on level 4 of the Dungeon.
You visited 1 branch of the dungeon, and saw 4 of its levels.

You collected 167 gold pieces.

Inventory:

Missiles
 m - 4 poisoned darts
Jewellery
 a - the ring of Beg Borph (right tentacle) {rElec rN+ Dex+3}
   (You acquired it on level 3 of the Dungeon)

   [ring of positive energy]

   Dex:       It affects your dexterity (+3).
   rElec:     It insulates you from electricity.
   rN:        It protects you from negative energy.
 h - a ring of see invisible (left tentacle)
 j - the ring "Veetsaa" (on tentacle) {rPois Int+3 Stlth+}
   (You acquired it on level 3 of the Dungeon)

   [ring of poison resistance]

   Int:       It affects your intelligence (+3).
   rPois:     It protects you from poison.
   Stlth:     It makes you more stealthy.
 l - an amulet of magic regeneration (around mantle)
Scrolls
 b - 5 scrolls of identify {unknown}
 d - 2 scrolls of enchant armour {unknown}
 e - 2 scrolls of vulnerability {unknown}
 f - a scroll of noise {unknown}
 i - a scroll of magic mapping {unknown}
 n - a scroll of torment {unknown}
 T - a scroll of immolation {!d}
Potions
 c - 2 potions of degeneration {unknown}
 g - 3 potions of haste {unknown}
 k - a potion of curing {unknown}


   Skills:
 * Level 5.0 Fighting
 * Level 2.0 Dodging
 - Level 2.0 Stealth
 * Level 4.6 Unarmed Combat
 - Level 2.0 Spellcasting
 - Level 2.0 Transmutations
 * Level 0.7 Poison Magic


You had 3 spell levels left.
You knew the following spells:

 Your Spells              Type           Power      Damage    Failure   Level
a - Beastly Appendage     Tmut           20%        N/A       6%          1
b - Wereblood             Tmut           10%        N/A       10%         2
c - Spider Form           Tmut/Pois      7%         N/A       26%         3

Your spell library contained the following spells:

 Spells                   Type           Power      Damage    Failure   Level
 Dazzling Flash           Conj/Hex       4%         N/A       41%         3
 Ice Form                 Ice/Tmut       6%         N/A       67%         4
 Agony                    Necr           2%         N/A       99%         5
 Silence                  Hex/Air        1%         N/A       99%         5


Dungeon Overview and Level Annotations

Branches:
Dungeon (4/15) Zot: 19331
 Temple: D:4-7

Altars:
Qazlal

Annotations:
D:4 Robin


Innate Abilities, Weirdness & Mutations

You cannot wear most types of armour.
You are amphibious.
You can wear up to eight rings at the same time.
Your skin changes colour to match your surroundings (Stealth+).
Your rubbery body absorbs attacks. (AC +1, EV +1)
((You are camouflaged when in or above water. (Stealth+)))
You have tentacles for arms and can constrict up to eight enemies at once.


Message History

A quokka comes into view.
A goblin comes into view. It is wielding a +0 dagger.
The goblin misses you.
Robin roars a battlecry!
The goblins go into a battle-frenzy!
You hear a shout!
Things that are here:
a +0 dagger; a goblin corpse You barely miss the goblin.
The goblin is heavily wounded.
You feel a bit better.
You kill the goblin!
Robin roars a battlecry!
You hear a shout!
A hobgoblin comes into view.
The goblin barely misses you.
Things that are here:
a +0 dagger; a goblin corpse You hit the goblin.
You kill the goblin!
You hear a shout! x2
Robin zaps a wand.
The bolt of light hits you!
You are confused.
You bump into the rock wall.
You hiss as the wereblood boils in your veins!
Robin attacks as you move away! Robin closely misses you.
You feel less confused.
Robin's bangles clink loudly.
Things that are here:
a +0 dagger; a goblin corpse You hit Robin.
Robin is poisoned.
Robin is lightly wounded.
Robin zaps a wand.
The bolt of light hits you!!
You are confused.
* * * LOW HITPOINT WARNING * * *
Robin attacks as you move away! Robin completely misses you.
Your transformation has ended.
Robin zaps a wand.
The bolt of light hits you!!
You are more confused.
You die...

#.# .# #.# #.# #.# #.#
#.# #.# #.. ##.#######
### .........#######
.#########.###.........#
r.g.gggg)@.###.........#
g########..............#
#.####.........# #.#
#.........### #.#
###.###...>.) #.# #>#
####... #.# #.# #.#. #.#
.# #.#. #.. #####.#.


You could see Robin (poisoned), 3 hobgoblins and a goblin (strong).

Vanquished Creatures
  A howler monkey (D:4)
  A hound (D:4)
  Jessica (D:2)
  2 iguanas (D:3)
  3 orc wizards
  3 adders
  6 worms
  A dart slug (D:1)
  10 orcs
  5 bats
  6 endoplasms
  5 giant cockroaches
  5 goblins
  5 hobgoblins
  4 quokkas
  7 ball pythons
  3 frilled lizards (D:1)
  7 kobolds
  4 rats
79 creatures vanquished.

Notes
Turn   | Place    | Note
-------+----------+-------------------------------------------
     0 | D:1      | buhh the Octopode Transmuter began the quest for the Orb.
     0 | D:1      | Reached XP level 1. HP: 13/13 MP: 3/3
   406 | D:1      | Reached XP level 2. HP: 8/18 MP: 3/5
  1053 | D:2      | Reached skill level 2 in Fighting
  1264 | D:2      | Reached XP level 3. HP: 25/25 MP: 4/6
  1264 | D:2      | Noticed Jessica
  1270 | D:2      | Killed Jessica
  1426 | D:2      | Found a faded altar of an unknown god.
  1516 | D:2      | Reached XP level 4. HP: 30/30 MP: 5/7
  2892 | D:3      | Reached skill level 3 in Fighting
  2904 | D:3      | Reached XP level 5. HP: 36/36 MP: 8/8
  3186 | D:3      | Reached skill level 4 in Fighting
  3198 | D:3      | Found a stormy altar of Qazlal.
  3313 | D:3      | Learned a level 2 spell: Wereblood
  3322 | D:3      | Learned a level 3 spell: Spider Form
  3906 | D:3      | Identified 2 scrolls of acquirement
  3906 | D:3      | Acquired the ring of Beg Borph {rElec rN+ Dex+3}
  3910 | D:3      | Acquired the ring "Veetsaa" {rPois Int+3 Stlth+}
  4029 | D:4      | Reached XP level 6. HP: 35/44 MP: 9/9
  4563 | D:4      | Reached skill level 5 in Fighting
  4667 | D:4      | Noticed Robin
  4682 | D:4      | Killed from afar by Robin

Illustrated notes

Levels and vault maps discovered:
D:1:      dpeg_arrival_round_c, layout_rooms
D:2:      layout_basic, ebering_ecumenical_altar_box, uniq_jessica
D:3:      layout_loops_corners, mainiacjoe_overflow_24_doors, grunt_ministairs_8
D:4:      layout_loops_ring, mainiacjoe_overflow_alcove_1, uniq_robin

Skill      XL: |  1  2  3  4  5  6 |
---------------+-------------------+-----
Stealth        | 2 |  2.0
Fighting       | 2 3 4 5 |  5.0
Unarmed Combat | 4 |  4.6
Dodging        | |  2.0
Spellcasting   | |  2.0
Transmutations | |  2.0
Poison Magic   | |  0.7

Action                   |  1- 3 |  4- 6 || total
-------------------------+-------+-------++-------
Melee: Unarmed           |    61 |   130 ||   191
       Constrict         |    16 |    32 ||    48
       Kick              |    16 |    37 ||    53
       Tentacles         |     8 |    23 ||    31
       Punch             |     1 |     7 ||     8
 Cast: Beastly Appendage |    18 |    34 ||    52
       Spider Form       |       |     2 ||     2
       Wereblood         |       |     1 ||     1
  Use: Potion            |       |     1 ||     1
       Scroll            |       |     3 ||     3
 Stab: Sleeping          |     4 |     9 ||    13
       Distracted        |       |     1 ||     1
Armor: Skin              |     1 |    10 ||    11
Dodge: Dodged            |    28 |    53 ||    81

Table legend: (Time is in decaauts)
 A = Elapsed time spent in this place.
 B = Non-inter-level travel time spent in this place.
 C = Inter-level travel time spent in this place.
 D = Time resting spent in this place.
 E = Time spent auto-exploring this place.
 F = Levels seen in this place.
 G = Mean time per level.
                   A        B        C        D        E       F      G
               +--------+--------+--------+--------+--------+-----+--------+
         Total |   4667 |   4569 |     98 |    581 |   3447 |   4 | 1166.8 |
       Dungeon |   4667 |   4569 |     98 |    581 |   3447 |   4 | 1166.8 |
               +--------+--------+--------+--------+--------+-----+--------+

Top non-repeatable levels by time:
     D:2: 1485 daAuts
     D:3: 1435 daAuts
     D:1: 1016 daAuts
     D:4: 730 daAuts
